HS
NOTRE DAME HS KNIGHTS @ NORTHWESTERN HS TITANS
04/11/2060
 
TOP OF THE 1ST
Notre Dame HS Knights batting - Pitching for Northwestern HS Titans : LHP James Churchill
Pitching: LHP James Churchill
Batting: SHB Max June 0-0: Fly out, F7 (Flyball, 78D, EV 97.5 MPH)
Batting: SHB Roman Reeves 0-0: Called Strike
0-1: Called Strike
0-2: Strikes out looking
Batting: SHB Ryan Cervantes 0-0: SINGLE (Groundball, 34D, EV 101.9 MPH)
Batting: RHB Samuel Jackson 0-0: Called Strike
0-1: Ball
1-1: Ball
2-1: Foul Ball, location: 2F
2-2: Foul Ball, location: 2F
2-2: Fielders Choice at 2nd, 5-4 (Groundball, 56, EV 82.5 MPH)
Top of the 1st over - 0 runs, 1 hit, 0 errors, 1 left on base; Notre Dame HS 0 - Northwestern HS 0
BOTTOM OF THE 1ST
Northwestern HS Titans batting - Pitching for Notre Dame HS Knights : RHP Preston Cookson
Pitching: RHP Preston Cookson
Batting: RHB Stan Chartrand 0-0: Called Strike
0-1: Ball
1-1: Swinging Strike
1-2: Ground out 6-3 (Groundball, 56, EV 100.6 MPH)
Batting: RHB Parker Clancy 0-0: Called Strike
0-1: Ball
1-1: Foul Ball, location: 2F
1-2: Strikes out swinging
Batting: RHB Kaleb Gilchrist 0-0: Called Strike
0-1: Ball
1-1: Ball
2-1: Called Strike
2-2: Foul Ball, location: 2F
2-2: Ground out 5-3 (Groundball, 5, EV 91.9 MPH)
Bottom of the 1st over - 0 runs, 0 hits, 0 errors, 0 left on base; Notre Dame HS 0 - Northwestern HS 0
TOP OF THE 2ND
Notre Dame HS Knights batting - Pitching for Northwestern HS Titans : LHP James Churchill
Batting: RHB Collin Lambert 0-0: Ball
1-0: Ball
2-0: Ball
3-0: Called Strike
3-1: Base on Balls
Batting: LHB Colton Clausen 0-0: Called Strike
0-1: Ground out 6-3 (Groundball, 6M, EV 101.2 MPH)
Collin Lambert to second
Batting: LHB Tom Jong 0-0: Ball
1-0: Ball
2-0: Foul Ball, location: 2F
2-1: Foul Ball, location: 2F
2-2: Strikes out swinging
Batting: RHB Brandyn Abbott 0-0: Fly out, F3 (Popup, 3SF, EV 79.4 MPH)
Top of the 2nd over - 0 runs, 0 hits, 0 errors, 1 left on base; Notre Dame HS 0 - Northwestern HS 0
BOTTOM OF THE 2ND
Northwestern HS Titans batting - Pitching for Notre Dame HS Knights : RHP Preston Cookson
Batting: LHB James Baker 0-0: Ball
1-0: Swinging Strike
1-1: Ball
2-1: Foul Ball, location: 2F
2-2: Ball
3-2: Reached on error, E4 (Groundball, 4S, EV 83.8 MPH)
Batting: LHB Gage Fullerton 0-0: Ball
1-0: Hit by Pitch
James Baker to second
Batting: RHB Caleb Bond 0-0: Ball
1-0: Ball
2-0: DOUBLE (Flyball, 9LD, EV 106.9 MPH)
James Baker scores
Gage Fullerton to third
Batting: LHB Gage Richardson 0-0: Ball
1-0: Swinging Strike
1-1: Swinging Strike
1-2: Ball
2-2: Strikes out looking
Batting: RHB Ernie Argueta 0-0: Ball
1-0: Fly out, F9 (Line Drive, 9S, EV 99.4 MPH)
Batting: RHB Preston Stogsdill 0-0: Called Strike
0-1: Ball
1-1: Ball
2-1: Ball
3-1: SINGLE (Groundball, 34D, EV 100.6 MPH)
Gage Fullerton scores
Caleb Bond to third
Runner from 3rd tries for Home, SAFE, throw by RF to home
Batting: RHB Stan Chartrand 0-0: Called Strike
0-1: Ball
1-1: Ball
2-1: Ball
3-1: Base on Balls
Preston Stogsdill to second
Batting: RHB Parker Clancy 0-0: Ball
1-0: Ball
2-0: Ball
3-0: Hit by Pitch
Preston Stogsdill to third
Stan Chartrand to second
Batting: RHB Kaleb Gilchrist 0-0: Fly out, F8 (Flyball, 8RXD, EV 84.4 MPH)
Bottom of the 2nd over - 3 runs, 2 hits, 1 error, 3 left on base; Notre Dame HS 0 - Northwestern HS 3
TOP OF THE 3RD
Notre Dame HS Knights batting - Pitching for Northwestern HS Titans : LHP James Churchill
Batting: SHB Grandy Seema 0-0: Ball
1-0: Foul Ball, location: 2F
1-1: Foul Ball, location: 2F
1-2: Ground out 4-3 (Groundball, 4M, EV 105.6 MPH)
Batting: SHB Max June 0-0: Ball
1-0: Foul Ball, location: 2F
1-1: SINGLE (Line Drive, 9LS, EV 86.2 MPH)
Batting: SHB Roman Reeves 0-0: Ball
1-0: Fly out, F7 (Flyball, 7LDF, EV 78.8 MPH)
Pitching: RHP Royal Pierce
Batting: SHB Ryan Cervantes 0-0: Ball
1-0: Called Strike
Max June steals 2nd base
1-1: Ball
2-1: Foul Ball, location: 2F
2-2: Ball
3-2: Foul Ball, location: 2F
3-2: Base on Balls
Batting: RHB Samuel Jackson 0-0: Ball
1-0: Fly out, F7 (Line Drive, 7LS, EV 94.4 MPH)
Top of the 3rd over - 0 runs, 1 hit, 0 errors, 2 left on base; Notre Dame HS 0 - Northwestern HS 3
BOTTOM OF THE 3RD
Northwestern HS Titans batting - Pitching for Notre Dame HS Knights : RHP Preston Cookson
Batting: LHB James Baker 0-0: Called Strike
0-1: Swinging Strike
0-2: Ball
1-2: Ball
2-2: Ball
3-2: Ground out 4-3 (Groundball, 34, EV 93.1 MPH)
Batting: LHB Gage Fullerton 0-0: Called Strike
0-1: Ball
1-1: Ball
2-1: Ball
3-1: Base on Balls
Batting: RHB Caleb Bond 0-0: Called Strike
0-1: Ball
1-1: Foul Ball, location: 2F
1-2: DOUBLE (Flyball, 78XD, EV 110.6 MPH)
Gage Fullerton to third
Batting: LHB Gage Richardson 0-0: Swinging Strike
0-1: Fly out, F8 (Flyball, 8LM, EV 71.9 MPH)
Batting: RHB Ernie Argueta 0-0: Foul Ball, location: 2F
0-1: Called Strike
0-2: Ground out 4-3 (Groundball, 4, EV 87.5 MPH)
Bottom of the 3rd over - 0 runs, 1 hit, 0 errors, 2 left on base; Notre Dame HS 0 - Northwestern HS 3
TOP OF THE 4TH
Notre Dame HS Knights batting - Pitching for Northwestern HS Titans : RHP Royal Pierce
Batting: RHB Collin Lambert 0-0: Ball
1-0: Called Strike
1-1: Foul Ball, location: 2F
1-2: Ball
2-2: Strikes out swinging
Batting: LHB Colton Clausen 0-0: Ball
1-0: Ball
2-0: Ball
3-0: Called Strike
3-1: Fly out, F9 (Flyball, 89S, EV 87.5 MPH)
Batting: LHB Tom Jong 0-0: Called Strike
0-1: Hit by Pitch
Batting: RHB Brandyn Abbott 0-0: Called Strike
0-1: Ball
1-1: Ball
2-1: Ground out 2-3 (Groundball, 15S, EV 71.2 MPH)
Top of the 4th over - 0 runs, 0 hits, 0 errors, 1 left on base; Notre Dame HS 0 - Northwestern HS 3
BOTTOM OF THE 4TH
Northwestern HS Titans batting - Pitching for Notre Dame HS Knights : RHP Preston Cookson
Batting: RHB Preston Stogsdill 0-0: Foul Ball, location: 2F
0-1: Swinging Strike
0-2: Foul Ball, location: 2F
0-2: Strikes out swinging
Batting: RHB Stan Chartrand 0-0: Ball
1-0: Ball
2-0: Ball
3-0: Base on Balls
Pitching: RHP Adam Lockhart
Batting: RHB Parker Clancy 0-0: Called Strike
Stan Chartrand steals 2nd base
0-1: Foul Ball, location: 2F
0-2: Strikes out looking
Batting: RHB Kaleb Gilchrist 0-0: Foul Ball, location: 2F
0-1: Ball
1-1: Ball
2-1: Swinging Strike
2-2: Hit by Pitch
Batting: LHB James Baker 0-0: Ball
1-0: Ground out 4-3 (Groundball, 34D, EV 106.2 MPH)
Bottom of the 4th over - 0 runs, 0 hits, 0 errors, 2 left on base; Notre Dame HS 0 - Northwestern HS 3
TOP OF THE 5TH
Notre Dame HS Knights batting - Pitching for Northwestern HS Titans : RHP Royal Pierce
Batting: SHB Grandy Seema 0-0: Called Strike
0-1: Ball
1-1: Called Strike
1-2: Foul Ball, location: 2F
1-2: Strikes out looking
Batting: SHB Max June 0-0: Reached on error, E3 (Groundball, 13, EV 83.8 MPH)
Batting: SHB Roman Reeves 0-0: Ball
1-0: Called Strike
Max June steals 2nd base (no throw)
1-1: Swinging Strike
1-2: Ball
2-2: Ball
3-2: Base on Balls
Batting: SHB Ryan Cervantes 0-0: Ball
1-0: Foul Ball, location: 2F
1-1: Grounds into double play, 6-4-3 (Groundball, 6, EV 107.5 MPH)
Top of the 5th over - 0 runs, 0 hits, 1 error, 1 left on base; Notre Dame HS 0 - Northwestern HS 3
BOTTOM OF THE 5TH
Northwestern HS Titans batting - Pitching for Notre Dame HS Knights : RHP Adam Lockhart
Batting: LHB Gage Fullerton 0-0: Ball
1-0: Ball
2-0: Ball
3-0: Base on Balls
Batting: RHB Caleb Bond 0-0: Ball
1-0: Ball
2-0: 2-RUN HOME RUN (Flyball, 7D, EV 95.0 MPH), Distance : 350 ft
Batting: LHB Gage Richardson 0-0: Called Strike
0-1: Foul Ball, location: 2F
0-2: Strikes out swinging
Batting: RHB Ernie Argueta 0-0: Ball
1-0: Foul Ball, location: 2F
1-1: Swinging Strike
1-2: Ball
2-2: Ball
3-2: Foul Ball, location: 2F
3-2: Fly out, F8 (Flyball, 8RM, EV 77.5 MPH)
Batting: RHB Preston Stogsdill 0-0: Foul Ball, location: 2F
0-1: Fly out, F6 (Popup, 6D, EV 60.6 MPH)
Bottom of the 5th over - 2 runs, 1 hit, 0 errors, 0 left on base; Notre Dame HS 0 - Northwestern HS 5
TOP OF THE 6TH
Notre Dame HS Knights batting - Pitching for Northwestern HS Titans : RHP Royal Pierce
Batting: RHB Samuel Jackson 0-0: Called Strike
0-1: Ball
1-1: Foul Ball, location: 2F
1-2: Strikes out swinging
Batting: RHB Collin Lambert 0-0: Ball
1-0: Ball
2-0: Ground out 6-3 (Groundball, 6, EV 83.8 MPH)
Batting: LHB Colton Clausen 0-0: Ball
1-0: Ball
2-0: SINGLE (Flyball, 7, EV 77.5 MPH)
Pitching: LHP Doug Brown
Batting: LHB Tom Jong 0-0: Ball
1-0: Swinging Strike
1-1: Ball
2-1: Foul Ball, location: 2F
2-2: Ball
3-2: Strikes out looking
Top of the 6th over - 0 runs, 1 hit, 0 errors, 1 left on base; Notre Dame HS 0 - Northwestern HS 5
BOTTOM OF THE 6TH
Northwestern HS Titans batting - Pitching for Notre Dame HS Knights : RHP Adam Lockhart
Batting: RHB Stan Chartrand 0-0: Ball
1-0: Foul Ball, location: 2F
1-1: SINGLE (Line Drive, 9LS, EV 88.8 MPH)
Batting: RHB Parker Clancy 0-0: Called Strike
0-1: Ball
1-1: Ball
2-1: Ball
Stan Chartrand is caught stealing 2nd base 2-4
3-1: Foul Ball, location: 2F
3-2: Ground out 6-3 (Groundball, 6M, EV 85.6 MPH)
Batting: RHB Kaleb Gilchrist 0-0: Foul Ball, location: 2F
0-1: Ball
1-1: Ground out 6-3 (Groundball, 6, EV 91.2 MPH)
Bottom of the 6th over - 0 runs, 1 hit, 0 errors, 0 left on base; Notre Dame HS 0 - Northwestern HS 5
TOP OF THE 7TH
Notre Dame HS Knights batting - Pitching for Northwestern HS Titans : LHP Doug Brown
Batting: RHB Brandyn Abbott 0-0: Ball
1-0: Called Strike
1-1: Ball
2-1: DOUBLE (Line Drive, 89D, EV 101.9 MPH)
Batting: SHB Grandy Seema 0-0: Ball
1-0: Ball
2-0: Swinging Strike
2-1: Ball
3-1: Foul Ball, location: 2F
3-2: Strikes out swinging
Batting: SHB Max June 0-0: Called Strike
0-1: Ball
1-1: Foul Ball, location: 2F
1-2: Foul Ball, location: 2F
1-2: Ground out 6-3 (Groundball, 6S, EV 75.0 MPH)
Brandyn Abbott to third
Batting: SHB Roman Reeves 0-0: SINGLE (Groundball, 6MD, EV 108.8 MPH)
Brandyn Abbott scores
Batting: SHB Ryan Cervantes 0-0: Ball
1-0: Foul Ball, location: 2F
1-1: Ball
2-1: SINGLE (Groundball, 6MD, EV 106.2 MPH)
Roman Reeves to second
Runner from 2nd tries for 3rd, SAFE, throw by CF made to third
Batting: RHB Samuel Jackson 0-0: Called Strike
0-1: SINGLE (Flyball, 78S, EV 87.5 MPH)
Roman Reeves scores
Ryan Cervantes to second
Batting: RHB Collin Lambert 0-0: Fielders Choice at 2nd, 6-4 (Groundball, 56D, EV 80.6 MPH)
Top of the 7th over - 2 runs, 4 hits, 0 errors, 2 left on base; Notre Dame HS 2 - Northwestern HS 5
BOTTOM OF THE 7TH
Northwestern HS Titans batting - Pitching for Notre Dame HS Knights : RHP Adam Lockhart
Batting: LHB James Baker 0-0: Ball
1-0: Ball
2-0: Ball
3-0: Called Strike
3-1: Base on Balls
Pitching: LHP Evan Collins
Batting: LHB Gage Fullerton 0-0: Swinging Strike
0-1: Ball
1-1: Foul Ball, location: 2F
1-2: SINGLE (Groundball, 13, EV 80.6 MPH) (infield hit)
James Baker to second
Batting: RHB Caleb Bond 0-0: Ball
1-0: Called Strike
1-1: Ball
2-1: Ball
3-1: Fly out, F6 (Popup, P, EV 77.5 MPH)
Batting: LHB Gage Richardson 0-0: Foul Ball, location: 2F
0-1: Ball
1-1: Reached on error, E3 (Groundball, 3L, EV 101.9 MPH)
James Baker to third
Gage Fullerton to second
Batting: RHB Ernie Argueta 0-0: Ball
1-0: Ball
2-0: Ball
3-0: Called Strike
3-1: Base on Balls
James Baker scores
Gage Fullerton to third
Gage Richardson to second
Batting: RHB Preston Stogsdill 0-0: Called Strike
0-1: Grounds into double play, 4-6-3 (Groundball, 4, EV 91.2 MPH)
Bottom of the 7th over - 1 run, 1 hit, 1 error, 2 left on base; Notre Dame HS 2 - Northwestern HS 6
TOP OF THE 8TH
Notre Dame HS Knights batting - Pitching for Northwestern HS Titans : LHP Doug Brown
Batting: LHB Colton Clausen 0-0: Ball
1-0: Called Strike
1-1: Ball
2-1: Foul Ball, location: 2F
2-2: Strikes out swinging
Batting: RHB Cory Munsterman 0-0: Swinging Strike
0-1: Swinging Strike
0-2: Foul Ball, location: 2F
0-2: SINGLE (Line Drive, 7LS, EV 96.9 MPH)
Pitching: LHP Guy Keller
Batting: RHB Brandyn Abbott 0-0: Ball
1-0: Ball
2-0: Called Strike
2-1: Foul Ball, location: 2F
2-2: Strikes out looking
Batting: SHB Grandy Seema 0-0: Called Strike
0-1: Ball
1-1: Called Strike
1-2: Ball
2-2: Foul Ball, location: 2F
2-2: Ball
3-2: Base on Balls
Cory Munsterman to second
Batting: SHB Max June 0-0: Called Strike
0-1: Ball
1-1: Ball
2-1: Called Strike
2-2: Fly out, F7 (Flyball, 78M, EV 88.1 MPH)
Top of the 8th over - 0 runs, 1 hit, 0 errors, 2 left on base; Notre Dame HS 2 - Northwestern HS 6
BOTTOM OF THE 8TH
Northwestern HS Titans batting - Pitching for Notre Dame HS Knights : LHP Evan Collins
Batting: RHB Stan Chartrand 0-0: Ball
1-0: Ball
2-0: Foul Ball, location: 2F
2-1: Ball
3-1: Base on Balls
Batting: RHB Parker Clancy 0-0: Ball
Stan Chartrand is caught stealing 2nd base 2-4
1-0: Ball
2-0: Foul Ball, location: 2F
2-1: Ball
3-1: Swinging Strike
3-2: Fly out, F8 (Flyball, 8LD, EV 103.1 MPH)
Batting: RHB Kaleb Gilchrist 0-0: Ball
1-0: Ball
2-0: Called Strike
2-1: Swinging Strike
2-2: SINGLE (Groundball, 6S, EV 69.4 MPH) (infield hit)
Batting: LHB James Baker 0-0: Ball
Kaleb Gilchrist steals 2nd base
1-0: Foul Ball, location: 2F
1-1: Ball
2-1: Foul Ball, location: 2F
2-2: Strikes out looking
Bottom of the 8th over - 0 runs, 1 hit, 0 errors, 1 left on base; Notre Dame HS 2 - Northwestern HS 6
TOP OF THE 9TH
Notre Dame HS Knights batting - Pitching for Northwestern HS Titans : LHP Guy Keller
Batting: SHB Roman Reeves 0-0: Foul Ball, location: 2F
0-1: Ground out 6-3 (Groundball, 6, EV 96.9 MPH)
Batting: SHB Ryan Cervantes 0-0: Ball
1-0: Ball
2-0: Called Strike
2-1: Swinging Strike
2-2: Foul Ball, location: 2F
2-2: Strikes out looking
Batting: RHB Samuel Jackson 0-0: Foul Ball, location: 2F
0-1: Swinging Strike
0-2: Strikes out swinging
Top of the 9th over - 0 runs, 0 hits, 0 errors, 0 left on base; Notre Dame HS 2 - Northwestern HS 6
Saturday, April 27th , 2024 - OOTP Baseball 23.10 Build 110